 Dungeon Crawl Stone Soup version 0.29.1-13-g9f3cf754e1 (webtiles) character file.

Game seed: 16160160816944026789

44 LustLizard the Nimble (level 3, -1/25 HPs)
             Began as a Gnoll Wanderer on Feb 8, 2023.
             Slain by Robin
             ... wielding a +0 spear
              (3 damage)
             ... on level 2 of the Dungeon.
             The game lasted 00:02:02 (974 turns).

LustLizard the Nimble (Gnoll Wanderer)               Turns: 974, Time: 00:02:03

Health: -1/25      AC:  4    Str: 10    XL:     3   Next: 62%
Magic:  6/6        EV: 18    Int:  7    God:
Gold:   96         SH:  0    Dex: 18    Spells: 3/3 levels left

rFire   . . .      SeeInvis .   j - +0 short sword
rCold   . . .      Faith    .   (no shield)
rNeg    . . .      Spirit   .   c - +0 leather armour
rPois   .          Reflect  .   (no helmet)
rElec   .          Harm     .   (no cloak)
rCorr   .          Rampage  .   (no gloves)
Will    .....                   l - +0 pair of boots
Stlth   ++........              (no amulet)
HPRegen 0.08/turn               (no ring)
MPRegen 0.10/turn               (no ring)

@: no status effects
A: fangs 1, strong nose, distributed training
a: no special abilities


You were on level 2 of the Dungeon.
You visited 1 branch of the dungeon, and saw 2 of its levels.

You collected 96 gold pieces.

Inventory:

Hand Weapons
 a - a +0 quarterstaff
 j - a +0 short sword (weapon)
Missiles
 b - 3 throwing nets
 f - 4 stones (quivered)
Armour
 c - a +0 leather armour (worn)
 l - a +0 pair of boots (worn)
Scrolls
 e - a scroll of blinking
 g - a scroll of fear {unknown}
 i - a scroll of identify {unknown}
Potions
 d - a potion of curing
 h - a potion of resistance {unknown}
 k - a potion of attraction {unknown}


   Skills:
 + Level 0.9 Fighting
 + Level 0.9 Short Blades
 + Level 0.9 Long Blades
 + Level 0.9 Axes
 + Level 0.9 Maces & Flails
 + Level 0.9 Polearms
 + Level 4.5 Staves
 + Level 0.9 Ranged Weapons
 + Level 0.9 Throwing
 + Level 2.6 Armour
 + Level 10.4 Dodging
 + Level 0.9 Stealth
 + Level 0.9 Shields
 + Level 0.9 Unarmed Combat
 + Level 0.9 Spellcasting
 + Level 0.6 Conjurations
 + Level 0.6 Hexes
 + Level 0.6 Summonings
 + Level 0.6 Necromancy
 + Level 0.6 Translocations
 + Level 0.6 Transmutations
 + Level 0.6 Fire Magic
 + Level 0.6 Ice Magic
 + Level 0.6 Air Magic
 + Level 0.6 Earth Magic
 + Level 0.6 Poison Magic
 + Level 4.6 Invocations
 + Level 0.9 Evocations


You had 3 spell levels left.
You didn't know any spells.
Your spell library was empty.

Dungeon Overview and Level Annotations

Branches:
Dungeon (2/15)

Altars:

Annotations:
D:2 Robin, Sigmund


Innate Abilities, Weirdness & Mutations

You have very sharp teeth.
Your uncanny sense of smell can sniff out nearby items.
Your experience applies equally to all skills.


Message History

The hobgoblin barely misses you.
Robin roars a battlecry!
The hobgoblin goes into a battle-frenzy!
You closely miss the goblin. You bite the goblin.
The goblin is heavily wounded.
The goblin completely misses you. The hobgoblin closely misses you.
You hit the goblin. You bite the goblin.
You kill the goblin!
The hobgoblin misses you.
You hit the hobgoblin.
You kill the hobgoblin!
You hit the hobgoblin.
The hobgoblin is heavily wounded.
The hobgoblin no longer looks unusually strong.
The hobgoblin closely misses you.
You hit the hobgoblin. Your bite misses the hobgoblin.
The hobgoblin is almost dead.
The hobgoblin closely misses you.
You hit the hobgoblin but do no damage.
The hobgoblin is almost dead.
The hobgoblin hits you.
* * * LOW HITPOINT WARNING * * *
The hobgoblin barely misses you.
You hit the hobgoblin.
You kill the hobgoblin!
You hit the hobgoblin.
The hobgoblin is moderately wounded.
The hobgoblin barely misses you.
Robin roars a battlecry!
The hobgoblin goes into a battle-frenzy!
You hit the hobgoblin.
The hobgoblin is heavily wounded.
Robin misses you. The hobgoblin completely misses you.
You hit the hobgoblin.
The hobgoblin is severely wounded.
The hobgoblin hits you.
* * * LOW HITPOINT WARNING * * *
Robin says, "Kneel, worm!"
Robin hits you from afar with a +0 spear.
You die...

.# .# .#..# .###....###
.... .....# ..# #....#
..####....##
........#..##
..##.#..#...########..#
...............)@gg...#
..##....#.#..#######....
........#.##.....# #
..##....#.######.#
..##....#.. ∆
..!.....### ∆ ..##....#
........# .######.#


You could see Robin and a hobgoblin (strong).

Vanquished Creatures
  A gnoll (D:1)
  A dart slug (D:1)
  2 ball pythons
  A bat (D:1)
  3 endoplasms (D:1)
  A giant cockroach (D:1)
  5 hobgoblins
  A quokka (D:1)
  2 frilled lizards (D:1)
  8 goblins
  2 kobolds (D:1)
  A rat (D:1)
28 creatures vanquished.

Notes
Turn   | Place    | Note
-------+----------+-------------------------------------------
     0 | D:1      | Reached skill level 10 in Dodging
     0 | D:1      | LustLizard the Gnoll Wanderer began the quest for the Orb.
     0 | D:1      | LustLizard set off with the following items: a +0
                  | quarterstaff, 4 throwing nets, a +0 leather armour, a
                  | potion of curing, a scroll of blinking.
     0 | D:1      | Reached XP level 1. HP: 13/13 MP: 3/3
   264 | D:1      | Reached XP level 2. HP: 19/19 MP: 5/5
   486 | D:1      | Reached XP level 3. HP: 25/25 MP: 6/6
   499 | D:1      | Found a faded altar of an unknown god.
   500 | D:1      | Noticed an eye of devastation
   506 | D:1      | Noticed a great orb of eyes
   546 | D:1      | Noticed a golden eye
   715 | D:1      | Noticed a shining eye
   922 | D:2      | Noticed Sigmund
   936 | D:2      | Noticed Robin
   974 | D:2      | Slain by Robin

Illustrated notes

Levels and vault maps discovered:
D:1:      grunt_arrival_crossed_arrows, layout_basic,
          hellmonk_ecumenical_altar_watching_god
D:2:      layout_basic, basic_altar, uniq_sigmund, uniq_robin

Skill      XL: | |
---------------+-+-----
Dodging        | | 10.4
Fighting       | |  0.9
Short Blades   | |  0.9
Long Blades    | |  0.9
Axes           | |  0.9
Maces & Flails | |  0.9
Polearms       | |  0.9
Staves         | |  4.5
Ranged Weapons | |  0.9
Throwing       | |  0.9
Armour         | |  2.6
Stealth        | |  0.9
Shields        | |  0.9
Unarmed Combat | |  0.9
Spellcasting   | |  0.9
Conjurations   | |  0.6
Hexes          | |  0.6
Summonings     | |  0.6
Necromancy     | |  0.6
Translocations | |  0.6
Transmutations | |  0.6
Fire Magic     | |  0.6
Ice Magic      | |  0.6
Air Magic      | |  0.6
Earth Magic    | |  0.6
Poison Magic   | |  0.6
Invocations    | |  4.6
Evocations     | |  0.9

Action                   || total
-------------------------++-------
Melee: Quarterstaff      ||    34
       Bite              ||     8
       Short sword       ||    49
Throw: Stone             ||     1
       Throwing net      ||     1
 Stab: Sleeping          ||     2
       Held in net/web   ||     1
Armor: Leather armour    ||     9
Dodge: Dodged            ||    56
